 Dungeon Crawl Stone Soup version 0.28-a0-580-ga2639ab843 (webtiles) character file.

Game seed: 16096252981946524295

581 sleeves the Summoner (level 7, 0/69 HPs)
             Began as a Demonspawn Summoner on Oct 2, 2021.
             Was an Initiate of Hepliaklqana.
             Slain by a yak (6 damage)
             ... on level 4 of the Dungeon.
             The game lasted 00:08:17 (4100 turns).

sleeves the Summoner (Demonspawn Summoner)          Turns: 4100, Time: 00:08:18

Health: 0/69       AC:  2    Str:  9    XL:     7   Next: 13%
Magic:  8/10       EV: 12    Int: 18    God:    Hepliaklqana [......]
Gold:   132        SH:  0    Dex: 13    Spells: 4/10 levels left

rFire   . . .      SeeInvis .   d - +1 dagger
rCold   . . .      Faith    .   (no shield)
rNeg    . . .      Spirit   .   a - +0 robe
rPois   .          Reflect  .   (no helmet)
rElec   .          Harm     .   (no cloak)
rCorr   .          Rampage  .   (no gloves)
Will    .....                   (no boots)
Stlth   ..........              k - amulet of regeneration
HPRegen 1.21/turn               (no ring)
MPRegen 0.12/turn               (no ring)

@: mighty, brilliant, berserking, flying, very quick
A: hooves 2, demonic guardian 1, powered by death 1, sturdy frame 1
a: Renounce Religion


You were on level 4 of the Dungeon.
You worshipped Hepliaklqana.
Hepliaklqana was noncommittal.
You visited 1 branch of the dungeon, and saw 4 of its levels.

You collected 132 gold pieces.

Inventory:

Hand Weapons
 c - a +0 long sword
   (You found it on level 1 of the Dungeon)
 d - a +1 dagger (weapon)
   (You took it off a kobold on level 1 of the Dungeon)
Missiles
 m - a throwing net
Armour
 a - a +0 robe (worn)
 n - a +2 helmet
   (You took it off Robin on level 3 of the Dungeon)
Jewellery
 b - an amulet of the acrobat
   (You found it on level 1 of the Dungeon)
 k - an amulet of regeneration (around neck)
   (You found it on level 2 of the Dungeon)
 s - a ring of magical power
   (You found it on level 4 of the Dungeon)
 t - a +6 ring of strength
   (You found it on level 4 of the Dungeon)
Wands
 j - a wand of flame (16)
   (You took it off Natasha on level 2 of the Dungeon)
 o - a wand of digging (6)
   (You found it on level 3 of the Dungeon)
 r - a wand of charming (7)
   (You found it on level 4 of the Dungeon)
Scrolls
 f - a scroll of enchant weapon
 h - 2 scrolls of fog
 q - a scroll of identify
Potions
 g - a potion of brilliance


   Skills:
 - Level 1.7 Dodging
 - Level 1.7 Stealth
 - Level 2.0 Spellcasting
 + Level 8.7 Summonings


You had 4 spell levels left.
You knew the following spells:

 Your Spells              Type           Power      Damage    Failure   Level
a - Summon Small Mammal   Summ           100%       N/A       1%          1
b - Call Canine Familiar  Summ           50%        N/A       1%          3
c - Call Imp              Summ           50%        N/A       1%          2

Your spell library contained the following spells:

 Spells                   Type           Power      Damage    Failure   Level
 Summon Guardian Golem    Hex/Summ       26%        N/A       9%          3
 Foxfire                  Conj/Fire      8%         2x1d4     19%         1
 Summon Lightning Spire   Summ/Air       26%        N/A       30%         4
 Conjure Flame            Conj/Fire      2%         6-21      47%         3
 Inner Flame              Hex/Fire       2%         N/A       47%         3
 Flame Wave               Conj/Fire      2%         3d3       87%         4


Dungeon Overview and Level Annotations

Branches:
Dungeon (4/15)
 Temple: D:4-7

Altars:
Ashenzari
Hepliaklqana


Innate Abilities, Weirdness & Mutations

You have hoof-like feet.
A weak demonic guardian rushes to your aid.
You regenerate a little health from kills.
Your movements are slightly less encumbered by armour. (ER -2)


Message History

The worm is lightly wounded.
Your hound bites the worm. x2
You hit the worm but do no damage.
The worm is heavily wounded.
Your hound bites the worm but does no damage.
Your quasit bites the worm but does no damage.
Your quasit claws the worm. x2; The worm barely misses your quasit.
You hit the worm. You kick the worm, but do no damage.
The worm is severely wounded.
Your hound bites the worm.
Your quasit bites the worm.
Your quasit barely misses the worm.
Your quasit claws the worm but does no damage.
Your hound bites the worm.
The worm dies!
No target in view!
No target in view!
No target in view!
Your quasit disappears in a puff of smoke!
You swap places.
A goblin comes into view. It is wielding a +0 dagger.
The goblin shouts!
A goblin is nearby!
A goblin is nearby!
You hit the goblin.
The goblin is heavily wounded.
The goblin closely misses you.
You hit the goblin.
You kill the goblin!
No target in view!
You swap places.
Found 17 stones.
A hobgoblin comes into view.
Found a stone staircase leading down.
The hobgoblin shouts!
Things that are here:
a +0 dagger; a goblin corpse A hobgoblin is nearby!
The hobgoblin hits you but does no damage.
You hit the hobgoblin. Your kick misses the hobgoblin.
The hobgoblin is moderately wounded.
The hobgoblin hits you.
Your hound bites the hobgoblin.
The hobgoblin dies!
No target in view!
An endoplasm comes into view.
The endoplasm quivers.
An endoplasm is nearby!
An endoplasm is nearby!
A frilled lizard comes into view.
You hit the endoplasm. You kick the endoplasm.
The endoplasm is heavily wounded.
The endoplasm closely misses you.
Your hound bites the endoplasm.
The endoplasm dies!
You hit the frilled lizard but do no damage.
The frilled lizard barely misses you.
Your hound barely misses the frilled lizard.
You barely miss the frilled lizard.
Your hound bites the frilled lizard.
The frilled lizard dies!
No target in view!
Found a hazy altar of Hepliaklqana.
A hobgoblin comes into view.
Found 12 stones.
A hobgoblin is nearby!
The hobgoblin shouts!
There is a hazy altar of Hepliaklqana here.
The hobgoblin completely misses you.
You closely miss the hobgoblin. You kick the hobgoblin.
The hobgoblin is heavily wounded.
The hobgoblin hits you.
You hit the hobgoblin but do no damage.
The hobgoblin is heavily wounded.
Your hound barely misses the hobgoblin.
The hobgoblin barely misses you.
Your hound closely misses the hobgoblin.
You closely miss the hobgoblin.
You kick the hobgoblin, but do no damage.
The hobgoblin is heavily wounded.
The hobgoblin hits you but does no damage.
Your hound bites the hobgoblin.
The hobgoblin dies!
There is a hazy altar of Hepliaklqana here.
You kneel at the altar of Hepliaklqana.
Unknown command.
Press < or > to pray at altars.
You kneel at the altar of Hepliaklqana.
Hepliaklqana welcomes you!
Found a stone staircase leading up. 2 kobolds come into view.
There are monsters nearby!
There are monsters nearby!
The kobold shouts!
A bat comes into view.
The kobold throws a stone.
The stone barely misses you.
The stone hits your hound but does no damage.
A giant cockroach and a gnoll come into view.
The bat hits you but does no damage. The bat closely misses you.
You completely miss the kobold. Your kick misses the kobold.
Your hound barely misses the kobold. x2; The bat hits you but does no damage.
The kobold hits you with a +0 club.
You hit the bat. Your kick misses the bat.
The bat is moderately wounded.
The bat hits you but does no damage.
Your hound bites the kobold.
The kobold closely misses you.
The kobold hits your hound with a +0 club.
You hit the kobold but do no damage.
The kobold is heavily wounded.
Your hound bites the kobold.
The kobold dies!
The giant cockroach barely misses you.
Your hound closely misses the bat.
The gnoll barely misses you. The bat hits you.
The kobold hits you with a +0 short sword.
A demonic guardian appears!
You miss the bat. Your kick misses the bat.
The bat is moderately wounded.
The bat completely misses you. The giant cockroach closely misses you.
The bat hits you but does no damage.
Your hound bites the bat but does no damage.
The giant cockroach barely misses you.
The gnoll hits you from afar with a +0 spear.
The kobold closely misses you.
Your white imp hits the bat.
Your white imp freezes the bat.
The bat dies!
The giant cockroach closely misses your hound.
The gnoll hits your white imp with a +0 spear.
Your white imp closely misses the gnoll.
Your hound bites the giant cockroach.
The giant cockroach closely misses your hound.
Your hound bites the giant cockroach.
The gnoll hits your white imp with a +0 spear.
Your white imp dies!
Your white imp disappears in a puff of smoke!
Casting: Call Canine Familiar (dangerous; 3% risk of failure)
Confirm with . or Enter, or press ? or * to list all spells.
A beastly little devil appears in a puff of flame.
Your hound bites the giant cockroach but does no damage.
The giant cockroach misses your hound.
You hit the kobold.
The kobold is heavily wounded.
Your hound bites the giant cockroach.
The giant cockroach dies!
The kobold barely misses you.
Your crimson imp misses the kobold.
You hit the kobold. You kick the kobold.
You kill the kobold!
Your hound bites the gnoll.
Your hound closely misses the gnoll.
Your hound bites the gnoll.
Your hound closely misses the gnoll.
What are your orders? t - Shout!
Orders for allies: a - Attack new target. r - Retreat! s - Stop attacking. g - Guard the area. f - Follow me.
Anything else - Cancel.
Gang up on whom?
Press: ? - help, Dir - move target, f - gnoll
Aim: a gnoll, wielding a +0 spear (moderately wounded, ally target) Attack!
The gnoll hits you from afar with a +0 spear.
Your hound bites the gnoll but does no damage.
The gnoll hits you with a +0 spear!
A demonic guardian appears!
You barely miss the gnoll.
The gnoll is moderately wounded.
Your hound bites the gnoll.
Your crimson imp closely misses the gnoll.
Your hound closely misses the gnoll.
The gnoll barely misses your hound.
You barely miss the gnoll. Your kick misses the gnoll.
The gnoll is heavily wounded.
Your hound completely misses the gnoll.
Your crimson imp hits the gnoll.
Your quasit closely misses the gnoll.
Your quasit claws the gnoll.
Your quasit claws the gnoll but does no damage.
The gnoll hits you with a +0 spear.
You closely miss the gnoll.
The gnoll is almost dead.
Your hound bites the gnoll.
The gnoll dies!
You swap places.
Things that are here:
a +0 spear; a gnoll corpse Your quasit disappears in a puff of smoke!
Things that are here:
a +0 short sword; 2 stones; a kobold corpse Your crimson imp blinks!
Things that are here:
a +0 club; a kobold corpse A bat comes into view.
Your crimson imp blinks!
A bat is nearby!
A bat is nearby!
A bat is nearby!
Your crimson imp blinks!
Found 11 gold pieces.
The helpless bat fails to defend itself.
You hit the bat.
You kill the bat!
No target in view!
No target in view!
A goblin comes into view. It is wielding a +0 dagger.
A goblin is nearby!
A goblin is nearby!
The goblin shouts!
Found 19 arrows.
You hit the goblin but do no damage. Your kick misses the goblin.
The goblin misses you.
Your hound bites the goblin.
The goblin dies!
No target in view!
No target in view!
Things that are here:
a +0 dagger; a goblin corpse You now have 69 gold pieces (gained 11).
Ijyb the Twisted Goblin comes into view.
She is wielding a +0 dagger and carrying a wand of polymorph (4).
Ijyb shouts!
Ijyb zaps a wand.
You resist with some effort.
Ijyb is nearby!
Ijyb is nearby!
Casting: Call Imp (safe; 1% risk of failure)
Confirm with . or Enter, or press ? or * to list all spells.
You don't know that spell.
Casting: Call Imp (safe; 1% risk of failure)
Confirm with . or Enter, or press ? or * to list all spells.
Your hound disappears in a puff of smoke!
Ijyb screams, "You nasty!
Big nasty!"
Ijyb zaps a wand.
You turn into a bat.
Your +0 dagger melds into your body.
Your +0 robe melds into your body.
What are your orders? t - Squeak!
Orders for allies: a - Attack new target. r - Retreat! s - Stop attacking. g - Guard the area. f - Follow me.
Anything else - Cancel.
Gang up on whom?
Press: ? - help, Dir - move target, f - Ijyb
Aim: Ijyb, wielding a +0 dagger, wearing a +0 ring mail and carrying a wand of polymorph (2) (ally target) Attack!
Ijyb zaps a wand.
Your hound evaporates and reforms as an endoplasm!
You can't do that in your present form.
Things that are here:
a +0 dagger; a goblin corpse You can't do that in your present form.
Your endoplasm closely misses Ijyb.
Ijyb barely misses your endoplasm.
Your endoplasm barely misses Ijyb.
Your crimson imp blinks!
Your endoplasm freezes Ijyb.
Ijyb is frozen.
Your endoplasm misses Ijyb.
Your crimson imp blinks!
Your crimson imp barely misses Ijyb.
A goblin comes into view. It is wielding a +0 club.
The goblin shouts!
Ijyb zaps a wand.
You resist with some effort.
The now-empty wand crumbles to dust.
Your crimson imp hits Ijyb but does no damage.
Your endoplasm closely misses Ijyb.
A giant cockroach comes into view.
Your crimson imp blinks!
Your endoplasm freezes Ijyb.
Ijyb is frozen.
You hit Ijyb but do no damage.
Ijyb is moderately wounded.
Your transformation is almost over.
Your endoplasm hits Ijyb but does no damage.
Ijyb hits you with a +0 dagger.
A demonic guardian appears!
Your crimson imp hits Ijyb but does no damage.
You hit Ijyb.
Ijyb is moderately wounded.
Your endoplasm barely misses Ijyb.
Ijyb hits you with a +0 dagger.
Your crimson imp misses Ijyb.
You hit Ijyb.
Ijyb is moderately wounded.
Your endoplasm closely misses Ijyb.
Ijyb hits you with a +0 dagger.
Your crimson imp hits Ijyb.
Your shadow imp hits Ijyb but does no damage.
Your endoplasm hits Ijyb but does no damage.
The giant cockroach bites your endoplasm but does no damage.
Ijyb grins evilly.
Your shadow imp hits Ijyb.
You hit Ijyb but do no damage.
Ijyb is heavily wounded.
The giant cockroach bites your endoplasm.
Ijyb hits you with a +0 dagger.
Your shadow imp barely misses Ijyb.
You hit Ijyb but do no damage.
Ijyb is heavily wounded.
The giant cockroach waves its antennae.
The giant cockroach bites your endoplasm.
Ijyb hits you with a +0 dagger.
Your crimson imp closely misses Ijyb.
Your shadow imp barely misses Ijyb.
Your endoplasm closely misses Ijyb.
Ijyb completely misses you.
Your crimson imp closely misses Ijyb.
Your shadow imp hits Ijyb.
The giant cockroach bites your endoplasm.
You hit Ijyb but do no damage.
Ijyb is severely wounded.
Your transformation has ended.
Your +0 dagger unmelds from your body.
Your +0 robe unmelds from your body.
Your endoplasm hits the giant cockroach.
Ijyb barely misses you.
Your crimson imp hits Ijyb but does no damage.
The giant cockroach bites your endoplasm.
Your shadow imp hits Ijyb but does no damage.
Casting: Call Canine Familiar (dangerous; 3% risk of failure)
Confirm with . or Enter, or press ? or * to list all spells.
You don't know that spell.
Casting: Call Canine Familiar (dangerous; 3% risk of failure)
Confirm with . or Enter, or press ? or * to list all spells.
Your endoplasm disappears in a puff of smoke!
Ijyb barely misses your shadow imp.
Your crimson imp hits Ijyb but does no damage.
Your shadow imp hits Ijyb but does no damage.
You catch the helpless Ijyb completely off-guard!
You hit Ijyb. You kick Ijyb.
Ijyb is almost dead.
The goblin hits you but does no damage.
The giant cockroach bites your crimson imp but does no damage.
Ijyb misses you.
Your crimson imp hits the giant cockroach.
The giant cockroach dies!
Your shadow imp closely misses Ijyb.
You swap places.
Your hound barely misses Ijyb.
The goblin hits your hound with a +0 club.
Ijyb misses your hound.
Your crimson imp hits Ijyb but does no damage.
Your hound bites the goblin.
Your shadow imp barely misses Ijyb.
What are your orders? t - Shout!
Orders for allies: a - Attack new target. p - Attack previous target. r - Retreat! s - Stop attacking. g - Guard the area. f - Follow me.
Anything else - Cancel.
Gang up on whom?
Press: ? - help, Dir - move target, f/p - Ijyb
Aim: Ijyb, wielding a +0 dagger and wearing a +0 ring mail (almost dead, ally target) Attack!
The goblin barely misses your hound.
Your hound bites Ijyb but does no damage.
Your crimson imp hits Ijyb.
Ijyb closely misses your hound.
Your shadow imp misses Ijyb.
Your crimson imp disappears in a puff of smoke!
Your hound closely misses Ijyb.
The goblin closely misses your hound. Ijyb barely misses your hound.
Your shadow imp hits Ijyb but does no damage.
Your hound bites Ijyb.
Ijyb dies!
Your Summonings skill increases to level 7!
The goblin hits your hound but does no damage.
Your hound misses the goblin.
Your shadow imp barely misses the goblin.
Your hound bites the goblin.
The goblin dies!
You swap places.
l - a bubbling green potion
Things that are here:
a +0 dagger; a +0 ring mail You swap places.
Things that are here:
a +0 club; a goblin corpse Your shadow imp disappears in a puff of smoke!
You swap places. 2 gnolls come into view.
Found a stone staircase leading down.
The gnoll shouts! x2
The gnoll throws a throwing net.
The throwing net closely misses you.
There are monsters nearby!
There are monsters nearby!
There are monsters nearby!
Casting: Call Canine Familiar (dangerous; 3% risk of failure)
Confirm with . or Enter, or press ? or * to list all spells.
A shadowy apparition takes form in the air.
The gnoll hits you with a +0 whip.
Your shadow imp hits the gnoll.
You hit the gnoll.
The gnoll is moderately wounded.
The gnoll completely misses you.
Your hound bites the gnoll.
The gnoll barely misses you.
Your shadow imp completely misses the gnoll.
You catch the helpless gnoll completely off-guard!
You hit the gnoll.
You kill the gnoll!
The gnoll hits you with a +0 club!
Your shadow imp gestures at the gnoll.
The gnoll barely resists.
Your hound barely misses the gnoll.
You hit the gnoll. Your kick misses the gnoll.
The gnoll is lightly wounded.
Your hound barely misses the gnoll.
The gnoll hits you with a +0 club.
Your shadow imp hits the gnoll.
You are too injured to fight recklessly!
You are too injured to fight recklessly!
You are too injured to fight recklessly!
You hit the gnoll but do no damage.
The gnoll is heavily wounded.
Your hound bites the gnoll.
The gnoll barely misses you.
Your shadow imp hits the gnoll.
Your hound bites the gnoll.
The gnoll dies!
You swap places.
m - a throwing net You see here a +0 whip.
Things that are here:
a +0 club; a gnoll corpse 2 goblins come into view.
The goblin shouts!
You hear a shout! x2
A goblin comes into view. It is wielding a +0 club.
The goblin moves out of view.
You hear a shout! x2
There are monsters nearby!
There are monsters nearby!
There are monsters nearby!
A goblin, a hobgoblin and Robin come into view.
Robin shouts!
The goblin shouts!
The hobgoblin shouts!
The goblin shouts!
You hear a shout! x2
Robin's bangles clink loudly.
A hobgoblin comes into view.
A goblin comes into view. It is wielding a +0 dagger.
Robin moves out of view.
The goblin moves out of view.
A goblin comes into view. It is wielding a +0 dagger.
The goblin shouts!
You hear a shout!
A goblin comes into view. It is wielding a +0 dagger.
You hit the goblin.
The goblin is severely wounded.
A goblin comes into view. It is wielding a +0 dagger.
A goblin comes into view. It is wielding a +0 club.
The goblin hits you with a +0 dagger.
Your hound bites the goblin.
The goblin dies!
Found a worn gold wand.
Found a stone staircase leading up.
The goblin barely misses you.
Things that are here:
a +0 dagger; a goblin corpse You swap places.
The goblin misses your shadow imp. Robin throws the goblin at you!
Your shadow imp closely misses the goblin.
You hit the goblin but do no damage. You kick the goblin.
The goblin is heavily wounded.
Your hound bites the goblin.
The goblin hits your hound with a +0 club.
The goblin barely misses your shadow imp.
Robin says, "A pitiful Demonspawn like you will never find the ORB!"
Your shadow imp hits the goblin.
Your hound barely misses the goblin.
You hit the goblin but do no damage.
The goblin is severely wounded.
Your hound closely misses the goblin.
The goblin closely misses you.
The goblin hits your shadow imp with a +0 club.
Robin says, "Bow before me, strongest of all the hobgoblins!"
Your shadow imp hits the goblin.
The goblin dies!
You hit the goblin.
You kill the goblin!
Your shadow imp barely misses the goblin.
The goblin hits your shadow imp with a +0 dagger.
Your shadow imp hits the goblin.
The goblin dies!
Robin roars a battlecry!
The hobgoblin goes into a battle-frenzy!
Things that are here:
a +0 club; a goblin corpse The goblin hits your shadow imp with a +0 dagger.
Your hound closely misses the goblin.
The goblin barely misses your hound.
Your shadow imp misses the goblin.
Your hound bites the goblin.
The goblin dies!
Robin throws the goblin at you! The goblin barely misses you.
Your hound closely misses the goblin.
Casting: Call Imp (safe; 1% risk of failure)
Confirm with . or Enter, or press ? or * to list all spells.
A shadowy apparition takes form in the air.
Your hound barely misses the goblin.
The goblin hits you with a +0 dagger. Robin throws the goblin at you!
The goblin hits your hound with a +0 dagger.
You barely miss the goblin. Your kick misses the goblin.
Your hound bites the goblin.
The goblin dies!
The goblin closely misses you. The goblin misses you.
Your shadow imp hits the goblin.
You barely miss the goblin.
The goblin is heavily wounded.
The goblin hits you with a +0 dagger. Robin throws the goblin at you!
The goblin barely misses you. The goblin hits you but does no damage.
Your shadow imp hits the goblin.
The goblin dies!
You closely miss the goblin. Your kick misses the goblin.
The goblin hits you with a +0 dagger. x2; Your hound closely misses the goblin.
You are too injured to fight recklessly!
You are too injured to fight recklessly!
Your hound completely misses the goblin.
The goblin barely misses you.
Your shadow imp hits the goblin.
The goblin hits you with a +0 dagger.
A demonic guardian appears!
Your hound bites the goblin.
The goblin dies!
You hit the goblin.
The goblin is moderately wounded.
The goblin hits you with a +0 dagger.
Your hound barely misses the goblin.
Your shadow imp hits the goblin.
The goblin dies!
What are your orders? t - Shout!
Orders for allies: a - Attack new target. r - Retreat! s - Stop attacking. g - Guard the area. f - Follow me.
Anything else - Cancel.
Gang up on whom?
Press: ? - help, Dir - move target, f - Robin
Aim: Robin, wielding a +3 club, wearing a +0 animal skin and wearing a +2 helmet Attack!
Robin roars a battlecry!
The hobgoblin goes into a battle-frenzy!
Your hound bites Robin but does no damage.
Your hound bites Robin.
Your shadow imp barely misses Robin.
Your hound bites Robin.
Your hound bites Robin.
Your shadow imp hits Robin.
The hobgoblin barely misses your shadow imp.
You hit Robin. You kick Robin.
You kill Robin!
You swap places.
Your shadow imp hits the hobgoblin.
Items here: ! )) [[.
The hobgoblin closely misses your shadow imp.
Your hound barely misses the hobgoblin.
Your shadow imp gestures at the hobgoblin.
The hobgoblin writhes in agony!
The hobgoblin dies!
The hobgoblin closely misses you.
Things that are here:
a +0 dagger; a goblin corpse You hit the hobgoblin but do no damage.
Your kick misses the hobgoblin.
The hobgoblin no longer looks unusually strong.
The hobgoblin closely misses you.
Your hound barely misses the hobgoblin.
Your shadow imp barely misses the hobgoblin.
You closely miss the hobgoblin. You kick the hobgoblin.
The hobgoblin is moderately wounded.
Your hound bites the hobgoblin.
The hobgoblin barely misses you.
Your shadow imp hits the hobgoblin but does no damage. x2
Your hound bites the hobgoblin.
You closely miss the hobgoblin.
The hobgoblin is severely wounded.
The hobgoblin closely misses you.
Your shadow imp hits the hobgoblin.
Your hound closely misses the hobgoblin.
Your shadow imp closely misses the hobgoblin.
You barely miss the hobgoblin. Your kick misses the hobgoblin.
The hobgoblin is almost dead.
Your hound barely misses the hobgoblin.
The hobgoblin barely misses you.
Your shadow imp hits the hobgoblin.
The hobgoblin dies!
No target in view!
You swap places.
Your shadow imp disappears in a puff of smoke!
n - a +2 helmet;
g - 2 metallic brown potions (gained 1)
Things that are here:
a +3 club; a +0 animal skin; a +0 dagger You swap places.
Things that are here:
a +0 dagger; a goblin corpse
Things that are here:
a +0 dagger; a goblin corpse
Things that are here:
a +0 club; a goblin corpse
Things that are here:
a +0 dagger; a goblin corpse
Found a war axe.
Items here: )))) ††.
o - a wand of digging (6)
p - a ruby potion Your shadow imp disappears in a puff of smoke!
Found a broken altar of Ashenzari.
No target in view!
You swap places.
You swap places.
A bat comes into view.
A bat is nearby!
A bat is nearby!
A bat is nearby!
Found a scroll labelled FINEIF ASEAP.
The bat hits you but does no damage.
Your hound disappears in a puff of smoke!
The bat barely misses you. The bat barely misses you.
You closely miss the bat. The bat closely misses you.
The bat closely misses your hound.
You swap places.
The bat closely misses you. The bat barely misses your hound.
Your hound bites the bat.
The bat dies!
No target in view!
No target in view!
No target in view!
Your hound disappears in a puff of smoke!
q - a scroll labelled FINEIF ASEAP
There is a stone staircase leading up here.
Found a stone staircase leading down.
A dart slug comes into view.
Found 7 gold pieces.
A dart slug is nearby!
The dart slug launches a dart at you. The slug dart misses you.
The slug dart hits your hound. The dart slug closely misses you.
You see here 7 gold pieces.
You hit the dart slug.
The dart slug is moderately wounded.
You hit the dart slug but do no damage.
The dart slug is moderately wounded.
Your hound bites the dart slug.
The dart slug launches a dart at you. The slug dart misses you.
Your hound bites the dart slug.
You hit the dart slug but do no damage.
The dart slug is severely wounded.
Your hound bites the dart slug.
The dart slug launches a dart at you. The slug dart hits you.
You hit the dart slug but do no damage.
The dart slug is almost dead.
Your hound bites the dart slug.
The dart slug dies!
You have reached level 6!
Your experience leads to an increase in your attributes!
Increase (S)trength, (I)ntelligence, or (D)exterity?
You feel clever.
Your demonic ancestry asserts itself...
Your feet thicken and deform.
You now have 76 gold pieces (gained 7).
Key pressed, stopping explore.
Done exploring.
Done exploring.
Done exploring.
(D) Dungeon
Where to? (Enter - D:3, ? - help)
There is a stone staircase leading down here.
You climb downwards.
Your summoned ally is left behind.
Found a scroll labelled FINEIF ASEAP and 13 gold pieces.
There is a stone staircase leading up here.
q - 2 scrolls labelled FINEIF ASEAP (gained 1)
You now have 89 gold pieces (gained 13).
There is a stone staircase leading up here.
Found a stone staircase leading down.
A kobold comes into view. It is wielding a +0 dagger.
A kobold is nearby!
A kobold is nearby!
Sigmund the Dreaded comes into view.
He is wielding a +2 vorpal scythe.
Casting: Call Canine Familiar (dangerous; 2% risk of failure)
Confirm with . or Enter, or press ? or * to list all spells.
A beastly little devil appears in a puff of frigid air.
What are your orders? t - Shout!
Orders for allies: a - Attack new target. r - Retreat! s - Stop attacking. g - Guard the area. f - Follow me.
Anything else - Cancel.
Gang up on whom?
Press: ? - help, Dir - move target, f - Sigmund
Aim: Sigmund, wielding a +2 vorpal scythe and wearing a +0 robe Attack!
The kobold throws a stone.
The stone barely misses you.
Sigmund gestures wildly while chanting.
Sigmund flickers and vanishes!
Deactivating autopickup; reactivate with Ctrl-A.
The kobold hits your hound but does no damage.
Something barely misses your hound.
Your hound bites something. x2
Your hound barely misses something.
Your hound bites something. x2
The kobold misses you.
You closely miss the kobold.
Your hound bites something.
The kobold barely misses you. Something hits you!
Your hound barely misses something.
Your white imp closely misses the kobold.
You hit the kobold but do no damage. You kick the kobold, but do no damage.
The kobold closely misses you.
Your hound bites something.
Something hits you!
A demonic guardian appears!
* * * LOW HITPOINT WARNING * * *
Your white imp closely misses the kobold.
Your hound bites something.
Your hound closely misses something.
Your shadow imp barely misses the kobold.
The kobold barely misses you.
Your white imp barely misses the kobold.
Your white imp hits the kobold.
Your white imp freezes the kobold.
The kobold dies!
Your shadow imp barely misses something.
Press: ? - help, v - describe, . - travel The floor.
Your hound disappears in a puff of smoke!
A magic dart appears from out of thin air!
The magic dart hits you.
* * * LOW HITPOINT WARNING * * *
Your shadow imp hits something.
Your shadow imp hits something.
Casting: Call Imp (safe; 1% risk of failure)
Confirm with . or Enter, or press ? or * to list all spells.
Something completely misses your shadow imp.
Your shadow imp hits something.
A puff of flame appears from out of your range of vision.
The puff of flame hits your white imp.
Your white imp is burned terribly!
Your white imp appears confused.
Your white imp closely misses your hound.
Something hits your white imp!
Your white imp dies!
Your white imp disappears in a puff of smoke!
Something barely misses your hound. Something hits your hound.
Something closely misses your hound. What are your orders? t - Shout!
Orders for allies: a - Attack new target. r - Retreat! s - Stop attacking. g - Guard the area. f - Follow me.
Anything else - Cancel.
Retreat in which direction?
Press: ? - help, Dir - move target, f - you
Okay, then.
Sigmund mumbles some strange words.
Sigmund flickers and vanishes!
Your hound bites something.
There is a stone staircase leading up here.
What are your orders? t - Shout!
Orders for allies: a - Attack new target. r - Retreat! s - Stop attacking. g - Guard the area. f - Follow me.
Anything else - Cancel.
Retreat in which direction?
Press: ? - help, Dir - move target
Okay, then.
Unknown command.
What are your orders? t - Shout!
Orders for allies: a - Attack new target. r - Retreat! s - Stop attacking. g - Guard the area. f - Follow me.
Anything else - Cancel.
Guard this area!
Your hound bites something.
Reactivating autopickup.
You feel a bit more experienced.
Your Summonings skill increases to level 8!
Things that are here:
a +2 vorpal scythe; a +0 robe; the human corpse of Sigmund Your hound disappears in a puff of smoke!
Magic restored.
Things that are here:
a +0 dagger; a stone
Found 12 stones.
You now have 100 gold pieces (gained 11).
Things that are here:
a +0 dagger; a stone You now have 115 gold pieces (gained 15).
You now have 132 gold pieces (gained 17).
Found 18 stones.
Found a robe.
A giant cockroach comes into view.
A giant cockroach is nearby!
A giant cockroach is nearby!
A giant cockroach is nearby!
The giant cockroach closely misses you.
You hit the giant cockroach but do no damage.
The giant cockroach closely misses you.
You hit the giant cockroach but do no damage.
Your kick misses the giant cockroach. The giant cockroach barely misses you.
You hit the giant cockroach.
You kick the giant cockroach, but do no damage.
The giant cockroach is heavily wounded.
The giant cockroach barely misses you.
You closely miss the giant cockroach. You kick the giant cockroach.
You kill the giant cockroach!
No target in view!
No target in view!
No target in view!
No target in view!
No target in view!
No target in view!
No target in view!
No target in view!
No target in view!
No target in view!
You see here a giant cockroach corpse.
r - a wand of charming (7)
A goblin comes into view. It is wielding a +0 dagger.
The goblin shouts!
A goblin is nearby!
A goblin is nearby!
The goblin hits you with a +0 dagger.
You closely miss the goblin. The goblin hits you with a +0 dagger.
You closely miss the goblin. Your kick misses the goblin.
The goblin misses you.
You hit the goblin.
The goblin is moderately wounded.
The goblin completely misses you.
You hit the goblin.
The goblin is severely wounded.
The goblin barely misses you.
You hit the goblin but do no damage. Your kick misses the goblin.
The goblin is severely wounded.
The goblin misses you.
You barely miss the goblin.
The goblin is severely wounded.
The goblin hits you with a +0 dagger.
You closely miss the goblin.
The goblin is severely wounded.
The goblin barely misses you.
You closely miss the goblin.
The goblin is severely wounded.
The goblin hits you with a +0 dagger.
You hit the goblin but do no damage. You kick the goblin.
The goblin is almost dead.
The goblin hits you but does no damage.
A goblin is nearby!
A goblin is nearby!
A goblin is nearby!
A goblin is nearby!
You closely miss the goblin.
The goblin is almost dead.
The goblin hits you with a +0 dagger.
You hit the goblin.
You kill the goblin!
No target in view!
No target in view!
Search for what [Enter for "short", or ? for help]? short Unknown command.
Unknown command.
Unknown command.
Unknown command.
You see here a +0 dagger.
You see here a +0 dagger.
Found a stone staircase leading up.
Found an escape hatch in the ceiling.
s - a ring of magical power
h - 2 scrolls labelled OCERER NELAL (gained 1)
A hound skeleton comes into view.
You hit the hound skeleton.
The hound skeleton is lightly damaged.
The hound skeleton barely misses you. The hound skeleton closely misses you.
The hound skeleton misses you.
You barely miss the hound skeleton. You kick the hound skeleton.
The hound skeleton is moderately damaged.
Your hound bites the hound skeleton.
The hound skeleton bites you.
You hit the hound skeleton.
The hound skeleton is moderately damaged.
Your hound barely misses the hound skeleton.
The hound skeleton completely misses you.
Your hound bites the hound skeleton.
You hit the hound skeleton. Your kick misses the hound skeleton.
The hound skeleton is heavily damaged.
The hound skeleton bites you but does no damage.
Your hound bites the hound skeleton.
The hound skeleton bites you but does no damage.
You hit the hound skeleton but do no damage.
You kick the hound skeleton.
The hound skeleton is severely damaged.
Your hound bites the hound skeleton.
The hound skeleton closely misses you.
Your hound barely misses the hound skeleton.
You hit the hound skeleton.
You destroy the hound skeleton!
No target in view!
You swap places.
t - a +6 ring of strength A yak comes into view.
Found a ring mail.
The yak bellows!
You hear a bellow!
You hear an angry growl.
A black bear comes into view.
Your hound disappears in a puff of smoke!
A yak comes into view.
The yak gores your hound!
A yak comes into view.
Your hound disappears in a puff of smoke!
Casting: Call Canine Familiar (safe; 1% risk of failure)
Confirm with . or Enter, or press ? or * to list all spells.
A beastly little devil appears in a puff of frigid air.
* * * LOW MAGIC WARNING * * *
The yak closely misses your white imp.
You barely miss the yak. Your kick misses the yak.
Your hound bites the yak but does no damage.
The yak gores you.
Your hound closely misses the yak.
Your white imp hits the yak but does no damage.
You hit the yak.
The yak is lightly wounded.
A yak comes into view.
Your hound bites the yak but does no damage.
The yak gores you!
Your white imp hits the yak but does no damage.
You are too injured to fight recklessly!
You are too injured to fight recklessly!
Your hound bites the yak.
The yak gores something!
Your hound bites the yak.
The yak misses you.
Your hound barely misses the yak.
Your hound closely misses the yak.
The yak snorts and paws the ground.
Your hound barely misses the yak.
The yak barely misses your hound.
Your hound closely misses the yak.
Your hound bites the yak.
Your hound bites the yak.
Something gores your hound!
Your hound dies!
Your hound's corpse disappears in a puff of smoke!
There is a stone staircase leading up here.
The yak misses you.
You climb upwards.
There is a stone staircase leading down here.
Casting: Call Imp (safe; 1% risk of failure)
Confirm with . or Enter, or press ? or * to list all spells.
* * * LOW MAGIC WARNING * * *
The yak gores you but does no damage.
Casting: Call Canine Familiar (safe; 1% risk of failure)
Confirm with . or Enter, or press ? or * to list all spells.
You don't have enough magic to cast this spell.
Your wolf bites the yak!
The yak barely misses your wolf.
Your wolf closely misses the yak.
Your wolf barely misses the yak.
Your wolf closely misses the yak.
Your wolf closely misses the yak.
The yak barely misses you.
You barely miss the yak. You kick the yak.
The yak is moderately wounded.
Your wolf bites the yak.
Your wolf bites the yak but does no damage.
The yak closely misses your wolf.
You hit the yak but do no damage.
The yak is heavily wounded.
Your wolf barely misses the yak.
The yak gores you!
Your wolf bites the yak but does no damage.
You closely miss the yak. You kick the yak, but do no damage.
The yak is heavily wounded.
Your wolf bites the yak but does no damage.
The yak gores you!
Your wolf bites the yak. x2
Your wolf closely misses the yak.
Your wolf bites the yak!
The yak gores your wolf.
Your wolf bites the yak.
The yak dies!
You have reached level 7!
Your demonic ancestry asserts itself...
A wave of death washes over you.
You start resting.
HP restored.
There is a stone staircase leading up here.
You start resting.
Magic restored.
Unknown command.
Done exploring.
Done exploring.
Done exploring.
(D) Dungeon
Where to? (Enter - D:4, ? - help)
You swap places.
There is a stone staircase leading up here.
There is a stone staircase leading down here.
You climb downwards.
Your summoned ally is left behind.
The yak gores you! x2
* * * LOW HITPOINT WARNING * * *
A demonic guardian appears!
The yak closely misses you. The yak barely misses you.
There is a stone staircase leading up, spattered with blood here.
The yak barely misses you.
Your quasit barely misses the yak.
Your quasit claws the yak.
Your quasit claws the yak but does no damage.
Your quasit bites the yak but does no damage.
Your quasit claws the yak but does no damage. x2
Your quasit bites the yak.
Your quasit claws the yak but does no damage. x2
Casting: Call Canine Familiar (safe; 1% risk of failure)
Confirm with . or Enter, or press ? or * to list all spells.
The yak gores you!
* * * LOW HITPOINT WARNING * * *
A demonic guardian appears!
The yak gores your hound!
You swap places.
Your hound bites the yak.
Your white imp gestures at the yak.
The puff of frost hits the yak.
Okay, then.
Okay, then.
As you read the scroll labelled QYUZUY FUSH, it crumbles to dust.
It is a scroll of enchant weapon.
Your +0 dagger glows red for a moment.
As you read the scroll labelled FINEIF ASEAP, it crumbles to dust.
It is a scroll of identify.
h - 2 scrolls of fog The yak barely misses your white imp.
Okay, then.
It was a potion of curing.
You feel better. The yak closely misses your white imp.
It was a potion of flight.
You feel very buoyant.
You fly up into the air.
The yak gores your white imp! The yak misses you. The yak gores you!
* * * LOW HITPOINT WARNING * * *
A demonic guardian appears!
It was a potion of brilliance.
You feel clever all of a sudden. The yak gores your white imp!
Your white imp dies!
Your white imp disappears in a puff of smoke!
Something bites your ufetubus. Something claws your ufetubus.
Something claws your ufetubus but does no damage.
Your ufetubus hits the yak. x2; The yak gores you!
* * * LOW HITPOINT WARNING * * *
The yak closely misses you.
It was a potion of might.
You feel very mighty all of a sudden.
Your ufetubus hits the yak but does no damage. x2
Something barely misses your ufetubus. Something misses your ufetubus. x2
The yak gores you.
* * * LOW HITPOINT WARNING * * *
Your ufetubus hits the yak but does no damage.
Your ufetubus hits the yak. The yak barely misses you.
The yak closely misses you.
It was a potion of berserk rage.
A red film seems to cover your vision as you go berserk!
You feel yourself moving faster!
You feel mighty!
Something completely misses your ufetubus. x2
Something misses your ufetubus.
Your ufetubus hits the yak but does no damage. x2
The yak completely misses you. The yak barely misses you. The yak gores you.
* * * LOW HITPOINT WARNING * * *
You puncture the yak!
The yak is moderately wounded.
Your ufetubus barely misses the yak.
Your ufetubus hits the yak.
Something barely misses your ufetubus. x2
Something closely misses your ufetubus. The yak gores you.
* * * LOW HITPOINT WARNING * * *
You puncture the yak!
The yak is heavily wounded.
Your ufetubus hits the yak but does no damage.
Your ufetubus hits the yak. The yak gores you.
You die...

#.#####h#....#..#
#...# #.#.#..##...
#.###.###.#.#......#.
#. #.#........#...# #
#<###.##Y.####.#...#
####...<..Y..# .# #.#
#........##.5# .# .#
#........###Y# .. .
#.........Y@Y# ##
#.......######
#.......# ##########
#.......# #........#
####.#### #........#
#.# #........# #.#..
######.# #........#
(#.# #....#.#
#........#. ...#
####.##.#.#
#........#.##..##


You could see 3 yaks and a friendly ufetubus (summoned).

Vanquished Creatures
  A hound skeleton (D:4)
  Robin (D:3)
  A gnoll (D:3)
  A dart slug (D:1)
  2 ball pythons
  2 endoplasms
  A giant cockroach (D:4)
  7 goblins
  A hobgoblin (D:2)
  2 kobolds
  3 quokkas
  2 bats
  3 frilled lizards
  4 rats (D:1)
31 creatures vanquished.

Vanquished Creatures (collateral kills)
  Sigmund (D:4)
  A yak (D:3)
  Ijyb (D:3)
  Natasha (thrice) (D:2)
  2 gnolls (D:3)
  4 adders
  3 worms
  2 dart slugs
  3 bats
  2 endoplasms (D:3)
  3 giant cockroaches
  12 goblins
  7 hobgoblins
  6 kobolds
  2 ball pythons
  A frilled lizard (D:3)
53 creatures vanquished.

Grand Total: 84 creatures vanquished

Notes
Turn   | Place    | Note
-------+----------+-------------------------------------------
     0 | D:1      | sleeves the Demonspawn Summoner began the quest for the
                  | Orb.
     0 | D:1      | Reached XP level 1. HP: 13/13 MP: 3/3
    19 | D:1      | HP: 5/13 [kobold (4)]
   360 | D:1      | Gained mutation: A weak demonic guardian rushes to your
                  | aid. [demonic ancestry]
   360 | D:1      | Reached XP level 2. HP: 19/19 MP: 5/5
  1448 | D:1      | Reached skill level 5 in Summonings
  1606 | D:1      | HP: 8/19 [hobgoblin (3)]
  1613 | D:1      | Gained mutation: You have large cloven feet. [demonic
                  | ancestry]
  1613 | D:1      | Reached XP level 3. HP: 11/24 MP: 4/6
  2001 | D:2      | Learned a level 3 spell: Call Canine Familiar
  2004 | D:2      | Learned a level 2 spell: Call Imp
  2131 | D:2      | Noticed Natasha
  2140 | D:2      | Killed Natasha
  2151 | D:2      | Reached XP level 4. HP: 23/30 MP: 0/7
  2245 | D:2      | Noticed Natasha
  2253 | D:2      | HP: 14/30 [Natasha (7)]
  2255 | D:2      | Killed Natasha
  2256 | D:2      | Reached skill level 6 in Summonings
  2434 | D:2      | Noticed Natasha
  2441 | D:2      | HP: 14/30 [Natasha/magic dart (9)]
  2443 | D:2      | HP: 6/30 [white imp/puff of frost[Natasha] (9)]
  2446 | D:2      | Killed Natasha
  2778 | D:2      | Gained mutation: Your movements are slightly less
                  | encumbered by armour. (ER -2) [demonic ancestry]
  2778 | D:2      | Reached XP level 5. HP: 26/35 MP: 5/8
  3165 | D:3      | Found a hazy altar of Hepliaklqana.
  3182 | D:3      | Became a worshipper of Hepliaklqana the Forgotten
  3272 | D:3      | Noticed Ijyb
  3314 | D:3      | Killed Ijyb
  3315 | D:3      | Reached skill level 7 in Summonings
  3371 | D:3      | Noticed Robin
  3395 | D:3      | Killed Robin
  3484 | D:3      | Found a broken altar of Ashenzari.
  3592 | D:3      | Gained mutation: You have hoof-like feet. [demonic
                  | ancestry]
  3592 | D:3      | Reached XP level 6. HP: 40/41 MP: 5/9
  3713 | D:4      | Noticed Sigmund
  3724 | D:4      | HP: 20/41 [something (3)]
  3748 | D:4      | Killed Sigmund
  3749 | D:4      | Reached skill level 8 in Summonings
  3948 | D:4      | Noticed a yak
  3949 | D:4      | Noticed a yak
  3949 | D:4      | Noticed a yak
  3953 | D:4      | Noticed a yak
  3981 | D:3      | Killed a yak
  3982 | D:3      | Gained mutation: You regenerate a little health from kills.
                  | [demonic ancestry]
  3982 | D:3      | Reached XP level 7. HP: 33/46 MP: 1/10
  4068 | D:4      | HP: 13/46 [yak (16)]
  4086 | D:4      | HP: 17/46 [yak (17)]
  4095 | D:4      | HP: 20/46 [yak (12)]
  4097 | D:4      | HP: 8/46 [yak (5)]
  4100 | D:4      | Slain by a yak

Illustrated notes

Levels and vault maps discovered:
D:1:      psy_arrival_whirlpool, layout_basic
D:2:      layout_rooms, uniq_natasha
D:3:      cheibrodos_old_hovel, layout_rooms, mainiacjoe_overflow_boulevard,
          overflow_temple_1_default, small_statue_intersection, uniq_ijyb,
          uniq_robin
D:4:      layout_basic, uniq_duvessa, uniq_sigmund

Skill      XL: |  1  2  3  4  5  6 |
---------------+-------------------+-----
Summonings     | 5 6 7 8 |  8.7
Dodging        | |  1.7
Stealth        | |  1.7
Spellcasting   | |  2.0

Action                   |  1- 3 |  4- 6 |  7- 9 || total
-------------------------+-------+-------+-------++-------
Melee: Dagger            |    90 |   116 |     2 ||   208
       Unarmed           |     7 |     6 |       ||    13
       Kick              |     5 |    22 |       ||    27
 Cast: Summon Small Mamm |    18 |     4 |       ||    22
       Call Imp          |     3 |     9 |       ||    12
       Call Canine Famil |     1 |    17 |     1 ||    19
  Use: Potion            |       |       |     5 ||     5
       Scroll            |       |       |     2 ||     2
 Stab: Sleeping          |     7 |     1 |       ||     8
       Distracted        |       |     2 |       ||     2
Armor: Robe              |    10 |    21 |       ||    31
Dodge: Dodged            |    58 |    95 |     9 ||   162

Table legend: (Time is in decaauts)
 A = Elapsed time spent in this place.
 B = Non-inter-level travel time spent in this place.
 C = Inter-level travel time spent in this place.
 D = Time resting spent in this place.
 E = Time spent auto-exploring this place.
 F = Levels seen in this place.
 G = Mean time per level.
                   A        B        C        D        E       F      G
               +--------+--------+--------+--------+--------+-----+--------+
         Total |   4098 |   3998 |    100 |    437 |   2749 |   4 | 1024.5 |
       Dungeon |   4098 |   3998 |    100 |    437 |   2749 |   4 | 1024.5 |
               +--------+--------+--------+--------+--------+-----+--------+

Top non-repeatable levels by time:
     D:1: 1944 daAuts
     D:2: 1128 daAuts
     D:3: 711 daAuts
     D:4: 313 daAuts
